 Dungeon Crawl Stone Soup version 0.28.0-43-g3370ac3207 (webtiles) character file.

Game seed: 8982772227586538040

216046 TheDeanity the Bludgeoner (level 18, -3/200 HPs)
             Began as a Troll Fighter on Mar 17, 2022.
             Was a High Priest of Okawaru.
             Shot with a bolt by a yaktaur captain (30 damage)
             ... on level 1 of the Vaults.
             The game lasted 03:01:28 (31383 turns).

TheDeanity the Bludgeoner (Troll Fighter)          Turns: 31383, Time: 03:01:28

Health: -3/200     AC: 19    Str: 39    XL:     18   Next: 34%
Magic:  26/26      EV: 14    Int:  4    God:    Okawaru [*****.]
Gold:   2822       SH:  5    Dex: 11    Spells: 17/17 levels left

rFire   + . .      SeeInvis .   O - +7 dire flail "Leta" {holy, Fragile rF+ rN+ rCorr}
rCold   . . .      Faith    .   (shield currently unavailable)
rNeg    + . .      Spirit   .   g - +3 troll leather armour {Snorg}
rPois   +          Reflect  +   L - +2 hat of Efajonem {Str+4}
rElec   .          Harm     .   U - +1 cloak of Starlight {*Dazzle EV+4 Stlth--}
rCorr   +          Rampage  .   (gloves unavailable)
Will    +....      Clarity  +   (boots unavailable)
Stlth   ..........              b - amulet of reflection
HPRegen 2.03/turn               l - +4 ring of protection
MPRegen 0.20/turn               X - ring of poison resistance

@: mighty, about to teleport, finesse-ful, marked
A: large, unfitting armour, claws 3, regeneration 1, shaggy fur 1, tough skin 1,
agile 1, clarity, robust 1
}: 1/15 runes: serpentine
a: Renounce Religion, Heroism, Finesse, Duel


You were on level 1 of the Vaults.
You worshipped Okawaru.
Okawaru was extremely pleased with you.
You visited 7 branches of the dungeon, and saw 32 of its levels.
You visited the Abyss 1 time.
You also visited: Ossuary.

You collected 2822 gold pieces.

Inventory:

Hand Weapons
 a - a +5 spectral giant spiked club
 D - the +11 giant club of Kindness {elec, Dex+7}
   (Okawaru gifted it to you on level 2 of the Snake Pit)

   It occasionally discharges a powerful burst of electricity upon striking a
   foe.
   Dex:       It affects your dexterity (+7).
 O - the +7 dire flail "Leta" (weapon) {holy, Fragile rF+ rN+ rCorr}
   (Okawaru gifted it to you on level 15 of the Dungeon)

   It has been blessed by the Shining One to cause great damage to the undead
   and demons.
   rF:        It protects you from fire.
   rN:        It protects you from negative energy.
   rCorr:     It protects you from acid and corrosion.
   Fragile:   It will be destroyed if unequipped.
Missiles
 f - 6 silver javelins
 u - 48 large rocks
 E - 17 poisoned darts
 K - 5 curare-tipped darts
 M - 6 silver boomerangs
 N - 7 boomerangs (quivered)
 S - 10 javelins
 Y - 3 throwing nets
Armour
 g - a +3 troll leather armour (worn) {Snorg}
 L - the +2 hat of Efajonem (worn) {Str+4}
   (Okawaru gifted it to you on level 2 of the Snake Pit)

   Str:       It affects your strength (+4).
 U - the +1 cloak of Starlight (worn) {*Dazzle EV+4 Stlth--}
   (Okawaru gifted it to you on level 1 of the Depths)

   It may blind those who miss an attack against the wearer in melee combat.
   EV:        It affects your evasion (+4).
   Stlth:     It makes you much less stealthy.
Jewellery
 b - an amulet of reflection (around neck)
 l - a +4 ring of protection (left claw)
 n - a ring of resist corrosion
 G - a ring of fire
 T - a ring of ice
 X - a ring of poison resistance (right claw)
Wands
 j - a wand of iceblast (6)
 p - a wand of acid (17)
 x - a wand of flame (51)
 V - a wand of paralysis (9)
 Z - a wand of digging (12)
Scrolls
 e - 3 scrolls of blinking
 i - 2 scrolls of immolation
 y - a scroll of fear
 F - 10 scrolls of teleportation
 H - 3 scrolls of magic mapping
 P - 6 scrolls of enchant armour
 Q - 2 scrolls of fog
 R - a scroll of holy word
Potions
 d - 8 potions of might
 h - 12 potions of curing
 k - 4 potions of mutation
 m - 2 potions of berserk rage {unknown}
 o - 7 potions of attraction
 r - 4 potions of heal wounds
 s - 2 potions of magic {unknown}
 t - 3 potions of resistance {unknown}
 v - 7 potions of lignification
 w - 8 potions of flight
 z - 2 potions of experience {unknown}
 A - 4 potions of brilliance
 B - 3 potions of invisibility
 C - 3 potions of ambrosia
 I - 4 potions of cancellation
 J - 3 potions of haste


   Skills:
 + Level 11.9 Fighting
 + Level 19.0 Maces & Flails
 * Level 14.7 Throwing
 - Level 12.0 Armour
 - Level 2.4 Dodging
 - Level 2.4 Shields
 - Level 13.0 Invocations


You had 17 spell levels left.
You didn't know any spells.
Your spell library contained the following spells:

 Spells                   Type           Power      Damage    Failure   Level
 Apportation              Tloc           0%         N/A       52%         1
 Foxfire                  Conj/Fire      0%         2x1d4     52%         1
 Pain                     Necr           0%         1d4       52%         1
 Sandblast                Erth           0%         2d4       52%         1
 Slow                     Hex            0%         N/A       52%         1
 Blink                    Tloc           0%         N/A       67%         2
 Passwall                 Tmut/Erth      0%         N/A       67%         2
 Sublimation of Blood     Necr           0%         N/A       67%         2
 Confusing Touch          Hex            0%         N/A       88%         3
 Conjure Flame            Conj/Fire      0%         6-21      88%         3
 Gell's Gravitas          Tloc           0%         N/A       88%         3
 Inner Flame              Hex/Fire       0%         N/A       88%         3
 Lesser Beckoning         Tloc           0%         N/A       88%         3
 Stone Arrow              Conj/Erth      0%         3d7       88%         3
 Teleport Other           Tloc           0%         N/A       88%         3
 Vampiric Draining        Necr           0%         2d6       88%         3
 Anguish                  Hex/Necr       0%         N/A       99%         4
 Flame Wave               Conj/Fire      0%         2d4       99%         4
 Hailstorm                Conj/Ice       0%         3d3       99%         4
 Ice Form                 Ice/Tmut       0%         N/A       99%         4
 Petrify                  Tmut/Erth      0%         N/A       99%         4
 Agony                    Necr           0%         N/A       100%        5
 Borgnjor's Vile Clutch   Necr/Erth      0%         N/A       100%        5
 Excruciating Wounds      Necr           0%         N/A       100%        5
 Fireball                 Conj/Fire      0%         3d3       100%        5
 Irradiate                Conj/Tmut      0%         3d13      100%        5
 Manifold Assault         Tloc           0%         N/A       100%        5
 Dispersal                Tloc           0%         N/A       100%        6
 Starburst                Conj/Fire      0%         6d3       100%        6
 Enfeeble                 Hex            0%         N/A       100%        7
 Borgnjor's Revivificati  Necr           0%         N/A       100%        8
 Ignition                 Fire           0%         3d3       100%        8
 Lehudib's Crystal Spear  Conj/Erth      0%         10d2      100%        8
 Necromutation            Tmut/Necr      0%         N/A       100%        8
 Death's Door             Necr           0%         N/A       100%        9
 Animate Skeleton         Necr           Unusable   N/A       N/A         1
 Summon Small Mammal      Summ           Unusable   N/A       N/A         1
 Tukima's Dance           Hex            Unusable   N/A       N/A         3
 Animate Armour           Summ/Erth      Unusable   N/A       N/A         4
 Animate Dead             Necr           Unusable   N/A       N/A         4
 Death Channel            Necr           Unusable   N/A       N/A         6
 Simulacrum               Ice/Necr       Unusable   N/A       N/A         6

Dungeon Overview and Level Annotations

Branches:
Dungeon (15/15)            Temple (1/1) D:6            Lair (6/6) D:10
 Shoals (0/4) Lair:4        Snake (4/4) Lair:2        Slime (0/5) Lair:6
    Orc (2/2) D:9             Elf (0/3) Orc:2        Vaults (1/5) D:13
 Depths (3/4) D:15        Ossuary (visited)

Altars:
Ashenzari
Cheibriados
Dithmenos
Elyvilon
Fedhas
Gozag
Hepliaklqana
Kikubaaqudgha
Makhleb
Nemelex Xobeh
Okawaru
Qazlal
Ru
Sif Muna
Trog
Uskayaw
Vehumet
Wu Jian
Xom
Yredelemnul
Zin
The Shining One
Beogh
Jiyva

Shops:
Orc:2 [:[:   Snake:4 [   Vaults:1 [

Portals:
Hell: Lair:6 Depths:1
Abyss: Depths:1

Annotations:
D:14 3 runed translucent doors, Laowois's ghost, journeyman MiBe
Snake:3 exclusion: downstairs


Innate Abilities, Weirdness & Mutations

You are too large for most types of armour.
You have claws for hands.
Your natural rate of healing is unusually fast.
You are covered in fur. (AC +1)
You have tough skin. (AC +1)
You are agile. (Dex +2)
You possess an exceptional clarity of mind.
You are robust. (+10% HP)


Message History

Okay, then.
You impale the ironbound frostheart!!
The ironbound frostheart is almost dead.
You impale the ironbound frostheart!!
You kill the ironbound frostheart!
Okawaru accepts your kill.
The yaktaur captain shoots a bolt.
The bolt hits you!!!
* * * LOW HITPOINT WARNING * * *
A cyan ugly thing comes into view.
Throw: 7 boomerangs
Press: ? - help, Q - select action, (/) - cycle Shift-Dir - straight line, f - yaktaur captain
Aim: a yaktaur captain, wielding a +0 arbalest and quivering bolts (83% to hit)
You throw a boomerang. The boomerang hits the yaktaur captain!
The yaktaur captain is lightly wounded.
A yaktaur comes into view.
Throw: 7 boomerangs
Press: ? - help, Q - select action, (/) - cycle Shift-Dir - straight line, f/p - yaktaur captain
Aim: a yaktaur captain, wielding a +0 arbalest and quivering bolts (lightly wounded, 83% to hit)
You throw a boomerang.
The boomerang hits the yaktaur captain but does no damage.
The yaktaur captain is lightly wounded.
Throw: 7 boomerangs
Press: ? - help, Q - select action, (/) - cycle Shift-Dir - straight line, f/p - yaktaur captain
Aim: a yaktaur captain, wielding a +0 arbalest and quivering bolts (lightly wounded, 83% to hit)
You throw a boomerang. The boomerang hits the yaktaur captain.
The yaktaur captain is moderately wounded.
The yaktaur captain shoots a bolt.
The bolt barely misses you.
You puncture the lindwurm!
The lindwurm is moderately wounded.
You sock the lindwurm!
The lindwurm is severely wounded.
You skewer the lindwurm like a kebab!!!
You kill the lindwurm!
Okawaru accepts your kill.
The yaktaur captain shoots a bolt.
The bolt hits you!!
* * * LOW HITPOINT WARNING * * *
As you read the scroll of teleportation, it crumbles to dust.
You feel strangely unstable.
The yaktaur captain shoots a bolt.
The bolt hits you!!
You die...

..)..................#########†..
.........[...........# #...
.....................# #...
..###########........# #...
..#.........#........# #...
..#.........#........# #...
..#.........#........# #...
..'.........#....)...# #...
..#.........#...@)...# #...
..#.........#...[....# #...
..#.........#........# #...
..#.........#.....c..######+##...
..#.........#.......p............
######)######u.....c..###########
.........#......p.....#.......
.#.#.#.#.#....p.u.....#.......
.........#............'.......


You could see a yaktaur captain, 2 ugly things, 3 ironbound convokers and a
yaktaur.

Vanquished Creatures
  Bai Suzhen (Depths:1)
  A caustic shrike (Depths:2)
  Mlioglotl (Snake:3)
  An Executioner (Abyss:2)
  Donald (Snake:2)
  Agnes (Snake:1)
  A tengu reaver (Depths:1)
  Kirke (Snake:1)
  A nagaraja (Snake:4)
  2 fire giants
  A frost giant (Depths:1)
  An iron dragon (Depths:2)
  A cacodemon (Abyss:2)
  A vault warden (Vaults:1)
  A spriggan defender (Depths:2)
  An ironbound preserver (Vaults:1)
  9 very ugly things (Depths:1)
  6 stone giants (Depths:1)
  2 ironbound thunderhulks (Vaults:1)
  A vampire knight (Depths:1)
  An entropy weaver (Vaults:1)
  A dire elephant (Lair:6)
  Azrael (Snake:1)
  Snorg (Lair:3)
  Josephine (D:15)
  3 boulder beetles
  An ogre mage (D:15)
  13 hydras
  4 salamander tyrants
  Erolcha (D:13)
  A yaktaur captain (Vaults:1)
  A catoblepas (D:13)
  3 vault guards
  Harold (D:9)
  6 centaur warriors
  20 naga warriors
  A rakshasa (D:15)
  2 death knights
  2 ironbound frosthearts (Vaults:1)
  7 anacondas
  A death yak (Lair:6)
  10 two-headed ogres
  2 spriggan air magi
  A deep troll shaman (Depths:1)
  4 tengu warriors
  4 thrashing horrors (Abyss:2)
  Urug (D:10)
  9 naga sharpshooters
  5 orc high priests (Orc:2)
  6 shock serpents
  3 hell knights (Depths:1)
  Nergalle (Lair:1)
  4 skeletal warriors (D:15)
  2 sixfirhies
  2 iron trolls (Depths:1)
  A spark wasp zombie (Depths:1)
  8 deep trolls
  A glowing orange brain (D:15)
  10 naga ritualists
  4 salamander mystics
  2 sea snakes (Snake:2)
  A sea snake (shapeshifter) (D:15)
  3 wizards
  3 lindwurms
  4 necromancers (Depths:1)
  3 harpies (Vaults:1)
  8 orc knights
  8 mana vipers
  An ironbound convoker (Vaults:1)
  A sphinx skeleton (Depths:1)
  20 ugly things
  2 orc sorcerers
  A frost giant zombie (Depths:1)
  15 salamanders
  4 manticores
  9 cyclopes
  A frost giant skeleton (Depths:1)
  14 slime creatures
  9 large abominations
  Maurice (Orc:2)
  7 guardian serpents
  A torpor snail (Lair:6)
  57 black mambas
  A fire giant skeleton (Depths:1)
  4 orange demons
  29 naga magi
  A smoke demon (Abyss:2)
  2 vault sentinels (Vaults:1)
  8 unseen horrors
  12 cane toads
  2 gargoyles
  7 rime drakes
  A kobold demonologist (D:12)
  A tengu conjurer (D:13)
  2 hellwings
  7 komodo dragons
  2 ice devils (Lair:6)
  2 ancient zymes (Abyss:2)
  2 polar bears (Lair:3)
  Grinder (D:4)
  A hornet (D:10)
  4 trolls
  Prince Ribbit (D:5)
  A wolf spider simulacrum (D:14)
  A tarantella (shapeshifter) (D:14)
  3 blink frogs (Lair:6)
  An ettin zombie (Depths:1)
  A snapping turtle (Lair:4)
  4 dream sheep (Lair:4)
  Sigmund (D:5)
  A flying skull (Abyss:2)
  2 centaur simulacra
  7 wraiths
  2 water elementals (Depths:1)
  27 yaks
  3 shadows
  7 hogs (Snake:1)
  6 wyverns
  A ynoxinul (Abyss:2)
  A neqoxec (Abyss:2)
  A steam dragon (Lair:2)
  3 fire elementals (Snake:1)
  6 chaos spawn
  3 wargs
  A basilisk (Lair:3)
  3 vampire mosquitoes
  45 nagas
  4 acid dragons
  Edmund (D:6)
  7 hell hounds
  16 water moccasins
  A tengu skeleton (Depths:1)
  A sky beast (D:5)
  32 orc warriors
  3 black bears
  2 ice beasts
  A hornet zombie (D:8)
  6 small abominations
  An ettin simulacrum (Depths:1)
  5 ogres
  7 centaurs
  A phantom (D:5)
  A kobold brigand (D:7)
  10 bullfrogs
  5 wyvern zombies
  3 scorpions
  A water moccasin zombie (D:4)
  A water moccasin skeleton (D:6)
  19 killer bees
  2 electric eels
  2 vampire bats (D:8)
  4 wights (D:8)
  3 howler monkeys
  12 centaur zombies
  11 bullfrog zombies
  A hound (D:4)
  A jelly (D:3)
  3 gnoll shamans
  23 orc priests
  Jessica (D:3)
  Natasha (thrice) (D:4)
  9 orc wizards
  5 killer bee zombies
  2 hound skeletons
  11 mummies (Ossuary)
  4 howler monkey zombies
  6 adders
  23 gnolls
  A river rat (D:3)
  A white imp (D:5)
  2 ufetubi (Abyss:2)
  An adder zombie (D:5)
  A worm (D:3)
  3 dart slugs
  64 orcs
  6 ball pythons
  A bat skeleton (D:8)
  3 bat zombies (D:8)
  7 endoplasms
  4 giant cockroaches
  16 goblins
  7 hobgoblins
  6 jackals
  5 quokkas
  8 bats
  2 frilled lizards
  15 kobolds
  6 rats
994 creatures vanquished.

Vanquished Creatures (others)
  An orc wizard (D:7)
  9 fungi
  A lurking horror (Abyss:2)
  22 plants
  A withered plant (Ossuary)
34 creatures vanquished.

Grand Total: 1028 creatures vanquished

Notes
Turn   | Place    | Note
-------+----------+-------------------------------------------
     0 | D:1      | TheDeanity the Troll Fighter began the quest for the Orb.
     0 | D:1      | Reached XP level 1. HP: 22/22 MP: 0/0
    58 | D:1      | Reached skill level 2 in Maces & Flails
   104 | D:1      | Reached XP level 2. HP: 28/29 MP: 1/1
   302 | D:1      | Noticed a great orb of eyes
   307 | D:1      | Reached XP level 3. HP: 36/36 MP: 2/2
   312 | D:1      | Found a faded altar of an unknown god.
   313 | D:1      | Noticed an eye of devastation
   313 | D:1      | Noticed an eye of devastation
   313 | D:1      | Noticed a shining eye
   606 | D:2      | Reached skill level 3 in Maces & Flails
   614 | D:2      | Found a blossoming altar of Fedhas.
   934 | D:2      | Reached XP level 4. HP: 45/45 MP: 3/3
  1355 | D:3      | You fall into a shaft and drop 3 floors!
  1364 | D:6      | Reached skill level 1 in Throwing
  1406 | D:6      | Reached XP level 5. HP: 34/53 MP: 4/4
  1441 | D:6      | Found a staircase to the Ecumenical Temple.
  1451 | D:6      | Noticed a centaur
  1469 | D:6      | Killed a centaur
  1470 | D:6      | Reached skill level 4 in Maces & Flails
  1481 | Temple   | Entered the Ecumenical Temple
  1566 | Temple   | Became a worshipper of Warmaster Okawaru
  1625 | D:6      | Reached XP level 6. HP: 51/61 MP: 5/5
  1645 | D:6      | Noticed an orc warrior
  1692 | D:5      | Entered Level 5 of the Dungeon
  1739 | D:5      | Found a bloodstained altar of Trog.
  1771 | D:5      | Noticed a sky beast
  1858 | D:5      | Killed a sky beast
  1858 | D:5      | Reached * piety under Okawaru
  1859 | D:5      | Reached skill level 5 in Maces & Flails
  1975 | D:5      | Noticed Prince Ribbit
  2003 | D:5      | Killed Prince Ribbit
  2004 | D:5      | Reached skill level 1 in Invocations
  2004 | D:5      | Reached XP level 7. HP: 41/70 MP: 6/6
  2441 | D:3      | Noticed Jessica
  2452 | D:3      | Killed Jessica
  2590 | D:3      | Reached skill level 6 in Maces & Flails
  2629 | D:3      | Reached ** piety under Okawaru
  2687 | D:3      | Found an ornate altar of the Wu Jian Council.
  3242 | D:4      | Reached XP level 8. HP: 79/79 MP: 8/8
  3297 | D:4      | Noticed Grinder
  3304 | D:4      | Paralysed by Grinder for 6 turns
  3562 | D:4      | Killed Grinder
  3715 | D:4      | Noticed Natasha
  3723 | D:4      | Killed Natasha
  3931 | D:4      | Noticed Natasha
  3951 | D:4      | Killed Natasha
  4015 | D:4      | Noticed Natasha
  4028 | D:4      | Killed Natasha
  4224 | D:5      | Noticed Sigmund
  4237 | D:5      | Killed Sigmund
  4238 | D:5      | Reached skill level 5 in Fighting
  4238 | D:5      | Reached skill level 7 in Maces & Flails
  4583 | D:6      | Found a sacrificial altar of Ru.
  4667 | D:6      | Noticed Edmund
  4697 | D:6      | Killed Edmund
  4698 | D:6      | Reached XP level 9. HP: 46/88 MP: 8/10
  4857 | D:6      | Found a radiant altar of Vehumet.
  5010 | D:6      | Reached *** piety under Okawaru
  5288 | D:7      | Found a glowing golden altar of the Shining One.
  5315 | D:7      | Found a sand-covered staircase.
  5345 | Ossuary  | Entered an ossuary
  5386 | Ossuary  | Reached skill level 8 in Maces & Flails
  5395 | Ossuary  | Reached skill level 5 in Throwing
  5899 | Ossuary  | Reached **** piety under Okawaru
  6092 | D:7      | Received a gift from Okawaru
  6255 | D:7      | Found a blossoming altar of Fedhas.
  6358 | D:7      | Reached skill level 9 in Maces & Flails
  6392 | D:7      | Found a broken altar of Ashenzari.
  6404 | D:7      | Reached XP level 10. HP: 88/98 MP: 12/12
  6848 | D:8      | Reached skill level 5 in Invocations
  7283 | D:8      | Found a basalt altar of Yredelemnul.
  7380 | D:8      | Found a shadowy altar of Dithmenos.
  7746 | D:8      | Found an ancient bone altar of Kikubaaqudgha.
  8185 | D:9      | Noticed Harold
  8200 | D:9      | Killed Harold
  8200 | D:9      | Received a gift from Okawaru
  8448 | D:9      | Reached skill level 10 in Maces & Flails
  8475 | D:9      | Found a sparkling altar of Nemelex Xobeh.
  8528 | D:9      | Received a gift from Okawaru
  8543 | D:9      | Reached ***** piety under Okawaru
  8559 | D:9      | Reached XP level 11. HP: 87/109 MP: 14/14
  8563 | D:9      | Received a gift from Okawaru
  8958 | D:9      | Found a staircase to the Orcish Mines.
  9017 | D:9      | Noticed a two-headed ogre
  9041 | D:9      | Killed a two-headed ogre
  9041 | D:9      | Received a gift from Okawaru
  9171 | D:10     | Entered Level 10 of the Dungeon
  9202 | D:10     | Found a staircase to the Lair.
  9214 | D:10     | Paralysed by a hornet for 3 turns
  9305 | D:10     | Noticed a two-headed ogre
  9329 | D:10     | Killed a two-headed ogre
  9526 | D:10     | Found a stormy altar of Qazlal.
  9527 | D:10     | Noticed Urug
  9548 | D:10     | Killed Urug
  9549 | D:10     | Reached skill level 11 in Maces & Flails
  9556 | D:10     | Received a gift from Okawaru
  9662 | D:10     | Found a white marble altar of Elyvilon.
  9682 | D:10     | Noticed a two-headed ogre
  9726 | D:10     | Killed a two-headed ogre
 10277 | D:10     | Reached skill level 1 in Armour
 10344 | D:11     | Noticed a purple ugly thing
 10346 | D:11     | Noticed a two-headed ogre
 10349 | D:11     | Killed a purple ugly thing
 10355 | D:11     | Killed a two-headed ogre
 10448 | D:11     | Reached XP level 12. HP: 118/119 MP: 14/16
 10469 | D:11     | Noticed a two-headed ogre
 10607 | D:11     | Noticed a two-headed ogre
 10612 | D:11     | Killed a two-headed ogre
 10695 | D:11     | Killed a two-headed ogre
 10696 | D:11     | Reached skill level 12 in Maces & Flails
 11067 | Lair:1   | Entered Level 1 of the Lair of Beasts
 11164 | Lair:1   | Received a gift from Okawaru
 11463 | Lair:1   | Noticed Nergalle
 11465 | Lair:1   | Killed Nergalle
 11501 | Lair:1   | Noticed a seven-headed hydra
 11511 | Lair:1   | Killed a seven-headed hydra
 11802 | Lair:2   | Found a staircase to the Snake Pit.
 12112 | Lair:2   | Noticed a seven-headed hydra
 12114 | Lair:2   | Killed a seven-headed hydra
 12114 | Lair:2   | Identified the +1 cloak of the Hurricane {+Inv} (Okawaru
                  | gifted it to you on level 2 of the Lair of Beasts)
 12114 | Lair:2   | Received a gift from Okawaru
 12309 | Lair:2   | Identified a scroll of acquirement
 12310 | Lair:2   | Acquired a manual of Armour
 12625 | Lair:3   | Noticed Snorg
 12636 | Lair:3   | Killed Snorg
 12690 | Lair:3   | Identified the +7 whip "Raryot" {venom, rPois rCorr}
 12730 | Lair:3   | Noticed a four-headed hydra
 12732 | Lair:3   | Killed a four-headed hydra
 13124 | Lair:3   | Reached skill level 13 in Maces & Flails
 13141 | Lair:3   | Reached XP level 13. HP: 130/130 MP: 16/18
 13226 | Lair:3   | Gained mutation: Your muscles are strong. (Str +2) [potion
                  | of mutation]
 13226 | Lair:3   | Gained mutation: Your body sometimes deteriorates upon
                  | taking damage. [potion of mutation]
 13226 | Lair:3   | Lost mutation: Your muscles are strong. (Str +2) [potion of
                  | mutation]
 13227 | Lair:3   | Lost mutation: Your body sometimes deteriorates upon taking
                  | damage. [potion of mutation]
 13227 | Lair:3   | Gained mutation: You are robust. (+10% HP) [potion of
                  | mutation]
 13227 | Lair:3   | Gained mutation: You are agile. (Dex +2) [potion of
                  | mutation]
 13227 | Lair:3   | Gained mutation: You possess an exceptional clarity of
                  | mind. [potion of mutation]
 13460 | Lair:4   | Reached skill level 5 in Armour
 13984 | Lair:4   | Found a staircase to the Shoals.
 14243 | Lair:5   | Received a gift from Okawaru
 14277 | Lair:5   | Reached ****** piety under Okawaru
 14384 | Lair:5   | Received a gift from Okawaru
 15074 | Lair:6   | Entered Level 6 of the Lair of Beasts
 15102 | Lair:6   | Noticed a dire elephant
 15106 | Lair:6   | Identified the +2 robe of Eleosask {-Tele rF+ Dex+2}
                  | (Okawaru gifted it to you on level 6 of the Lair of Beasts)
 15106 | Lair:6   | Received a gift from Okawaru
 15370 | Lair:6   | Found a viscous altar of Jiyva.
 15372 | Lair:6   | Found a staircase to the Slime Pits.
 15427 | Lair:6   | Killed a dire elephant
 15487 | Lair:6   | Reached skill level 14 in Maces & Flails
 16042 | Lair:6   | Found a burning altar of Makhleb.
 16111 | Lair:6   | Found a gateway to Hell.
 16616 | D:12     | Reached XP level 14. HP: 114/154 MP: 16/20
 17416 | D:13     | Reached skill level 10 in Throwing
 17455 | D:13     | Found a broken altar of Ashenzari.
 17646 | D:13     | Noticed Erolcha
 17651 | D:13     | Cast into level 2 of the Abyss (Erolcha)
 17938 | Abyss:2  | Noticed a cacodemon
 17950 | Abyss:2  | Killed a cacodemon
 17964 | Abyss:2  | Noticed an Executioner
 17969 | Abyss:2  | Killed an Executioner
 18013 | D:13     | Escaped the Abyss
 18021 | D:13     | Killed Erolcha
 18322 | D:13     | Received a gift from Okawaru
 18350 | D:13     | Reached skill level 10 in Armour
 18375 | D:13     | Found a gate to the Vaults.
 18773 | D:14     | Noticed Laowois's ghost (journeyman MiBe)
 18778 | D:14     | Found a runed translucent gate.
 18778 | D:14     | Found a runed translucent gate.
 18778 | D:14     | Found a runed translucent gate.
 19447 | D:14     | Received a gift from Okawaru
 19585 | D:14     | Reached skill level 10 in Invocations
 19697 | D:15     | Entered Level 15 of the Dungeon
 19700 | D:15     | Reached skill level 15 in Maces & Flails
 20064 | D:15     | Noticed Josephine
 20068 | D:15     | Killed Josephine
 20068 | D:15     | Identified the +7 dire flail "Leta" {holy, Fragile rF+ rN+
                  | rCorr} (Okawaru gifted it to you on level 15 of the
                  | Dungeon)
 20068 | D:15     | Received a gift from Okawaru
 20296 | D:15     | Reached XP level 15. HP: 160/160 MP: 21/21
 20317 | D:15     | Found a staircase to the Depths.
 20893 | Snake:1  | Entered Level 1 of the Snake Pit
 21051 | Orc:1    | Entered Level 1 of the Orcish Mines
 21425 | Orc:2    | Entered Level 2 of the Orcish Mines
 21548 | Orc:2    | Noticed Maurice
 21549 | Orc:2    | HP: 1/160 [orc knight/+3 battleaxe (13)]
 21567 | Orc:2    | Killed Maurice
 21933 | Orc:2    | Found a staircase to the Elven Halls.
 22238 | Orc:2    | Received a gift from Okawaru
 22413 | Orc:2    | Received a gift from Okawaru
 22442 | Orc:2    | Reached skill level 16 in Maces & Flails
 22570 | Orc:2    | Received a gift from Okawaru
 22665 | Orc:2    | Received a gift from Okawaru
 22738 | Orc:2    | Found Cito's Book Boutique.
 22741 | Orc:2    | Found Julau's Book Boutique.
 22742 | Orc:2    | Found Jinwuriv's Antique Armour Boutique.
 22743 | Orc:2    | Found Sigoacaf's Armour Shop.
 23078 | Snake:1  | Noticed Agnes
 23092 | Snake:1  | Killed Agnes
 23202 | Snake:1  | Noticed Kirke
 23215 | Snake:1  | Killed Kirke
 23239 | Snake:1  | Noticed Azrael
 23243 | Snake:1  | Killed Azrael
 23243 | Snake:1  | Received a gift from Okawaru
 23595 | Snake:2  | Identified the +11 giant club of Kindness {elec, Dex+7}
                  | (Okawaru gifted it to you on level 2 of the Snake Pit)
 23595 | Snake:2  | Received a gift from Okawaru
 23668 | Snake:2  | Noticed Donald
 23679 | Snake:2  | Killed Donald
 23989 | Snake:2  | Reached XP level 16. HP: 162/172 MP: 23/23
 24078 | Snake:2  | Identified the +2 hat of Efajonem {Str+4} (Okawaru gifted
                  | it to you on level 2 of the Snake Pit)
 24078 | Snake:2  | Received a gift from Okawaru
 24680 | Snake:3  | Noticed Mlioglotl
 24686 | Snake:3  | Killed Mlioglotl
 24687 | Snake:3  | Reached skill level 17 in Maces & Flails
 24719 | Snake:3  | Reached skill level 10 in Fighting
 26471 | Snake:4  | Entered Level 4 of the Snake Pit
 26477 | Snake:4  | Identified the +3 giant spiked club of Dried Tears {drain,
                  | Dex+9} (Okawaru gifted it to you on level 4 of the Snake
                  | Pit)
 26477 | Snake:4  | Received a gift from Okawaru
 27294 | Snake:4  | Identified the +6 hand crossbow of the Feather {freeze,
                  | Str+2} (Okawaru gifted it to you on level 4 of the Snake
                  | Pit)
 27294 | Snake:4  | Received a gift from Okawaru
 27395 | Snake:4  | Reached XP level 17. HP: 139/183 MP: 11/24
 27403 | Snake:4  | Reached skill level 18 in Maces & Flails
 27500 | Snake:4  | Found Ishrutei's Armour Emporium.
 27758 | Snake:4  | Identified the +6 fustibalus "Sarcophage" {venom, rF+}
 28133 | Snake:4  | Received a gift from Okawaru
 28200 | Snake:4  | Received a gift from Okawaru
 28361 | Snake:4  | Got a serpentine rune of Zot
 28835 | Depths:1 | Entered Level 1 of the Depths
 28880 | Depths:1 | Found a sparkling altar of Nemelex Xobeh.
 28964 | Depths:1 | Received a gift from Okawaru
 29083 | Depths:1 | Noticed Bai Suzhen
 29094 | Depths:1 | Killed Bai Suzhen
 29094 | Depths:1 | Received a gift from Okawaru
 29217 | Depths:1 | Received a gift from Okawaru
 29217 | Depths:1 | Found the +1 cloak of Starlight {*Dazzle EV+4 Stlth--}
 29769 | Depths:1 | Found a one-way gate to the infinite horrors of the Abyss.
 30304 | Depths:2 | Noticed a caustic shrike
 30323 | Depths:2 | Reached XP level 18. HP: 85/196 MP: 19/26
 30324 | Depths:2 | Killed a caustic shrike
 30717 | Vaults:1 | Entered Level 1 of the Vaults
 30936 | Vaults:1 | Identified the +6 giant club "Jokke" {holy, rC+} (Okawaru
                  | gifted it to you on level 1 of the Vaults)
 30936 | Vaults:1 | Received a gift from Okawaru
 31054 | Vaults:1 | Found Ledeudin's Armour Boutique.
 31187 | Vaults:1 | Reached skill level 19 in Maces & Flails
 31383 | Vaults:1 | Shot with a bolt by a yaktaur captain

Illustrated notes

Levels and vault maps discovered:
D:1:      mrwooster_arrival_arrow, layout_rooms,
          hellmonk_ecumenical_altar_watching_god
D:2:      minmay_inner_zag, layout_loops_ring, basic_altar
D:3:      layout_loops_ring, nicolae_wu_jian_glorious_leap,
          gup_sewer_entry_bowl, kennysheep_generic_room_9, uniq_jessica
D:4:      layout_cave_pools, minmay_stone_trees_small, grunt_ministairs_11,
          uniq_grinder, uniq_natasha
D:5:      layout_basic, nicolae_overflow_crystal_walls,
          nicolae_figureground_sparkle, uniq_sigmund, uniq_prince_ribbit1
D:6:      minmay_flawed_box, layout_rooms, nicolae_ru_the_path_less_chosen,
          kennysheep_mini, minmay_temple_entry_statues_fountains,
          kennysheep_small_square, uniq_edmund
D:7:      layout_rooms, mainiacjoe_overflow_surrounded_room,
          mainiacjoe_overflow_concentric_impassable, fedhas_ov_isle_minmay,
          enter_ossuary_2, lightli_bailey_entry_fortress
D:8:      layout_basic, nicolae_yredelemnul_corpse_copse,
          nicolae_dithmenos_through_a_glass_darkly, kennysheep_vampire_church,
          grunt_decor_arrowhead
D:9:      layout_basic, mainiacjoe_overflow_tiny_flanked, orc_0_dummy,
          serial_glass, glass_columns_a, glass_columns_a, uniq_harold
D:10:     layout_loops_ring, nicolae_qazlal_scattered_showers,
          mainiacjoe_overflow_24_doors, lair_entry_dummy,
          kennysheep_generic_room_11, uniq_urug
D:11:     layout_cross, kennysheep_crisscross
D:12:     layout_basic
D:13:     layout_loops_corners, david_vaults_5, ashenzari_altar_1, uniq_erolcha
D:14:     layout_basic, gammafunk_ghost_split
D:15:     gammafunk_enter_depths_forms, layout_cave_pods, dk_noncrumbling_4,
          chequers_mini_garden, uniq_josephine
Temple:   compressed_dpeg_triangle_lava_temple
Lair:1:   layout_gridlike, serial_bayou_pond_c, chequers_serial_rivers_small_b,
          infiniplex_staircase_pool_2, lemuel_fruit_fields, uniq_nergalle
Lair:2:   layout_regular_city, minmay_snake_entry_guardpost_small,
          serial_bayou_pond_a
Lair:3:   layout_gridlike, gammafunk_lair_bear_cave, uniq_snorg
Lair:4:   layout_gridlike, minmay_shoals_entry_hut, infiniplex_staircase_pool,
          grunt_megastairs_4
Lair:5:   layout_cave_pods
Lair:6:   evil_forest, layout_regular_city, slime_altar_1, minivault_24,
          lemuel_fruit_tree
Snake:1:  layout_rooms, serial_bayou_shore_b, uniq_agnes, uniq_azrael,
          uniq_kirke
Snake:2:  layout_onion, hangedman_snake_corridor_split, serial_bayou_shore_a,
          uniq_donald
Snake:3:  layout_grid_maze, uniq_mlioglotl
Snake:4:  snake_pit, layout_cave_town, serial_shops, nicolae_shop_waterfront
Orc:1:    layout_caves
Orc:2:    st_orc_pillars, layout_diamond_mine, mines1_david, uniq_maurice
Vaults:1: v_alt_pattern_1, vaults_mumra_minichess, v_misc_5,
          hangedman_vaults_capsules, ontoclasm_vaults_decontamination,
          v_pattern_1, v_misc_28, vaults_room_mumra_shop_pool,
          layout_vaults_omnigrid
Depths:1: layout_gridlike, grunt_hell_entry_dis_old, minmay_room_of_horrors,
          nemelex_spade_bored_becter, due_unseen_surprise, uniq_bai_suzhen
Depths:2: minmay_dotted_concentric_squares, layout_gridville, hell_entry,
          special_room [special_room_mythical_zoo], grunt_pan_entry_zigzag,
          minmay_misc_feat_doors, minmay_shoptagon,
          minmay_staircase_windowed_small
Depths:3: minmay_ambush_box, layout_basic, minmay_misc_feat_four_crosses,
          abyss_entry, pan_entry, pf_hell_entry_tar_spiral, firewood_loft

Skill      XL: |  1  2  3  4  5  6  7  8  9 10 11 12 13 14 15 16 17 18 |
---------------+-------------------------------------------------------+-----
Maces & Flails | 2 3 4 5 6 7 9 10 11 13 14 15 16 17 18 19 | 19.0
Fighting       | 3 4 5 6 7 8 9 10 11 | 11.9
Throwing       | 1 2 3 4 5 6 8 9 10 11 12 14 | 14.7
Invocations    | 1 2 3 4 6 7 8 9 10 11 12 13 | 13.0
Armour         | 2 4 8 11 12 | 12.0
Dodging        | |  2.4
Shields        | |  2.4

Action                   |  1- 3 |  4- 6 |  7- 9 | 10-12 | 13-15 | 16-18 || total
-------------------------+-------+-------+-------+-------+-------+-------++-------
Melee: Unarmed           |   119 |   138 |   626 |    22 |     1 |       ||   906
       Mace              |       |       |       |   375 |   170 |       ||   545
       Dire flail        |       |       |       |       |   419 |   467 ||   886
       Giant spiked club |       |       |       |       |    14 |       ||    14
Throw: Stone             |    36 |    14 |   247 |    81 |       |       ||   378
       Javelin           |       |       |     7 |     5 |    83 |    48 ||   143
       Dart              |       |       |     4 |    23 |     7 |     5 ||    39
       Boomerang         |       |       |       |    25 |   313 |   220 ||   558
       Large rock        |       |       |       |   108 |   323 |   428 ||   859
Invok: Heroism           |       |     1 |     7 |    17 |    24 |    12 ||    61
       Finesse           |       |       |       |       |     5 |     6 ||    11
Evoke: Wand              |       |       |     1 |     1 |     3 |     7 ||    12
  Use: Scroll            |       |     5 |     8 |    16 |     8 |    11 ||    48
       Potion            |       |     2 |     1 |       |     4 |     4 ||    11
 Stab: Sleeping          |     1 |       |       |       |       |       ||     1
       Distracted        |       |       |       |       |     1 |       ||     1
Armor: Robe              |    53 |    35 |   133 |    43 |       |       ||   264
       Acid dragon scale |       |       |       |    58 |       |       ||    58
       Troll leather arm |       |       |       |    11 |   346 |   341 ||   698
Dodge: Dodged            |    39 |    33 |   392 |   213 |   320 |   278 ||  1275
Block: Kite shield       |    47 |    39 |   308 |   188 |    73 |       ||   655
       Other             |       |       |       |       |    81 |   114 ||   195
       Reflection        |       |       |       |       |    13 |     8 ||    21
